 Dungeon Crawl Stone Soup version 0.27.1 (webtiles) character file.

Game seed: 8941083008761594446

1101 bnorton916 the Vexing (level 8, -3/41 HPs)
             Began as a Deep Elf Conjurer on Aug 30, 2021.
             Killed from afar by an orc wizard (5 damage)
             ... with a magic dart
             ... on level 5 of the Dungeon.
             The game lasted 00:08:38 (5198 turns).

bnorton916 the Vexing (Deep Elf Conjurer)           Turns: 5198, Time: 00:08:39

Health: -3/41      AC:  4    Str:  4    XL:     8   Next: 10%
Magic:  15/19      EV: 12    Int: 26    God:
Gold:   251        SH:  4    Dex: 13    Spells: 5/19 levels left

rFire    . . .     SeeInvis +   w - staff of conjuration
rCold    . . .     Faith    .   (no shield)
rNeg     . . .     Spirit   .   a - +0 robe
rPois    .         Reflect  .   (no helmet)
rElec    .         Harm     .   (no cloak)
rCorr    .         Rampage  .   B - +1 pair of gloves
Will     .....                  (no boots)
Stlth    ++........             h - amulet of magic regeneration
HPRegen  0.13/turn              i - ring of wizardry
MPRegen  0.41/turn              q - ring of see invisible

@: no status effects
A: large bone plates 1, noise suppression
a: no special abilities


You were on level 5 of the Dungeon.
You visited 1 branch of the dungeon, and saw 6 of its levels.

You collected 251 gold pieces.

Inventory:

Hand Weapons
 t - a +0 bardiche of flaming
 x - the +4 hand axe of the Nine Interlopers {flame, Will++}
   (You found it on level 4 of the Dungeon)

   It burns those it strikes, dealing additional fire damage.
   Big, fiery blades are also staple armaments of hydra-hunters.
   Will:      It greatly increases your willpower.
Missiles
 f - 157 stones
Armour
 a - a +0 robe (worn)
 B - a +1 pair of gloves (worn)
Magical Staves
 w - a staff of conjuration (weapon)
Jewellery
 h - an amulet of magic regeneration (around neck)
 i - a ring of wizardry (left hand)
 l - an amulet of reflection
 q - a ring of see invisible (right hand)
Wands
 y - a wand of paralysis (9)
Scrolls
 o - a scroll of enchant armour
 r - a scroll of teleportation
Potions
 d - a potion of mutation
 g - a potion of might
 j - 2 potions of attraction
 m - 2 potions of flight
 u - a potion of magic
 v - a potion of invisibility
 A - a potion of curing {unknown}


   Skills:
 - Level 2.4 Dodging
 - Level 2.4 Stealth
 - Level 6.0 Spellcasting
 - Level 6.2 Conjurations
 + Level 6.9 Hexes
 + Level 5.7 Translocations


You had 5 spell levels left.
You knew the following spells:

 Your Spells              Type           Power      Damage    Failure   Level
a - Magic Dart            Conj           100%       1d8       1%          1
b - Searing Ray           Conj           100%       3d7       1%          2
c - Fulminant Prism       Conj/Hex       29%        3d14      1%          4
d - Iskenderun's Mystic   Conj/Tloc      55%        2d12      2%          4
e - Tukima's Dance        Hex            43%        N/A       1%          3

Your spell library contained the following spells:

 Spells                   Type           Power      Damage    Failure   Level
 Dazzling Flash           Conj/Hex       100%       N/A       1%          3
 Gell's Gravitas          Tloc           18%        N/A       1%          3
 Lesser Beckoning         Tloc           18%        N/A       1%          3
 Teleport Other           Tloc           37%        N/A       1%          3
 Passage of Golubria      Tloc           N/A        N/A       2%          4
 Ozocubu's Armour         Ice            7%         N/A       9%          3
 Metabolic Englaciation   Hex/Ice        12%        N/A       19%         5
 Yara's Violent Unravell  Hex/Tmut       12%        3d7       19%         5
 Simulacrum               Ice/Necr       3%         N/A       98%         6


Dungeon Overview and Level Annotations

Branches:
Dungeon (6/15)
 Temple: D:4-7

Altars:
Fedhas

Shops:
D:1 [   D:2 :   D:5 (

Annotations:
D:3 3 runed translucent doors, Renzlar's ghost, amateur GnFi


Innate Abilities, Weirdness & Mutations

You are partially covered in large bone plates. (SH +4)
You passively dampen the noise of your surroundings.


Message History

In your confused state, you trip and fall back down the stairs.
There are monsters nearby!
There are monsters nearby!
There are monsters nearby!
Unknown command.
The orc wizard hits you with a +0 dagger.
* * * LOW HITPOINT WARNING * * *
In your confused state, you trip and fall back down the stairs.
* * * LOW HITPOINT WARNING * * *
The orc rages.
The orc wizard hits you but does no damage.
Unknown command.
The orc rages.
The orc wizard hits you but does no damage.
In your confused state, you trip and fall back down the stairs.
* * * LOW HITPOINT WARNING * * *
The orc wizard gestures wildly while chanting.
The orc wizard flickers and vanishes for a moment.
Unknown command.
The orc wizard closely misses you.
You climb upwards.
You feel less confused.
There is a stone staircase leading down here.
Unknown command.
You hit the orc wizard but do no damage.
You blast the orc wizard.
The orc wizard is lightly wounded.
The orc wizard points at you and mumbles some strange words.
The magic dart hits you!
* * * LOW HITPOINT WARNING * * *
Unknown command.
Casting: Searing Ray (safe; 1% risk of failure)
Confirm with . or Enter, or press ? or * to list all spells.
You feel a surge of power!
You erupt in a blast of force!
The mystic blast hits the orc wizard!
The orc wizard is severely wounded.
The orc wizard is knocked back by the mystic blast.
The orc wizard gestures at you while chanting.
The magic dart hits you.
You die...

..#.......#
#########.#
........#.#
#.#
#.#..####[#
#.# .....#
#.#
#########.#
.#...# #.#
#o........#
..>#.# #.#
#.#########
#.##.# #.#
#.# #.##.#
#.# #.#
..##.# #.#
#@# ####.#
#.# #.# #.#
#.# #.# #.#
#.######.#
#.#
#........#
####.#
##########
...^.#
######


You could see an orc wizard (invisible).

Vanquished Creatures
  Pikel (D:5)
  An ice beast (D:3)
  2 lemures (D:5)
  A centaur (D:5)
  6 hounds
  2 orc priests (D:4)
  2 iguanas
  2 orc wizards
  4 adders
  An adder skeleton (D:4)
  A dart slug (D:2)
  6 orcs
  7 ball pythons
  5 bats (D:1)
  6 endoplasms
  2 giant cockroaches
  5 goblins
  4 hobgoblins
  7 jackals
  5 kobolds
  2 quokkas (D:2)
  2 frilled lizards (D:1)
  6 rats
80 creatures vanquished.

Vanquished Creatures (others)
  2 fungi (D:3)
  2 plants (D:3)
4 creatures vanquished.

Grand Total: 84 creatures vanquished

Notes
Turn   | Place    | Note
-------+----------+-------------------------------------------
     0 | D:1      | bnorton916 the Deep Elf Conjurer began the quest for the
                  | Orb.
     0 | D:1      | Reached XP level 1. HP: 10/10 MP: 6/6
   209 | D:1      | Reached XP level 2. HP: 15/15 MP: 5/8
   379 | D:1      | Found a faded altar of an unknown god.
   598 | D:1      | Found Eclethruh's Antique Armour Shop.
   836 | D:1      | Learned a level 2 spell: Searing Ray
   966 | D:2      | Found Voalisote's Book Boutique.
   981 | D:2      | Reached skill level 5 in Conjurations
   981 | D:2      | Reached XP level 3. HP: 19/19 MP: 8/10
  1623 | D:3      | Reached XP level 4. HP: 24/24 MP: 7/12
  1681 | D:3      | Reached skill level 5 in Spellcasting
  1857 | D:3      | Noticed an ice beast
  1868 | D:3      | Killed an ice beast
  1869 | D:3      | Reached XP level 5. HP: 14/28 MP: 6/15
  2123 | D:3      | Learned a level 4 spell: Fulminant Prism
  2128 | D:3      | Learned a level 4 spell: Iskenderun's Mystic Blast
  2652 | D:3      | Found a runed translucent gate.
  2652 | D:3      | Found a runed translucent gate.
  2653 | D:3      | Found a runed translucent gate.
  2654 | D:3      | Noticed Renzlar's ghost (amateur GnFi)
  2890 | D:4      | Reached skill level 1 in Hexes
  3054 | D:4      | Reached skill level 1 in Translocations
  3272 | D:4      | Reached XP level 6. HP: 32/32 MP: 10/17
  3285 | D:4      | Gained mutation: You are partially covered in large bone
                  | plates. (SH +4) [potion of mutation]
  3285 | D:4      | Gained mutation: You passively dampen the noise of your
                  | surroundings. [potion of mutation]
  3630 | D:4      | Identified the +4 hand axe of the Nine Interlopers {flame,
                  | Will++}
  4171 | D:5      | Entered Level 5 of the Dungeon
  4177 | D:5      | Noticed Pikel
  4181 | D:5      | Paralysed by Pikel for 2 turns
  4185 | D:5      | Killed Pikel
  4186 | D:5      | Reached skill level 5 in Hexes
  4186 | D:5      | Reached XP level 7. HP: 31/36 MP: 6/18
  4248 | D:5      | Reached skill level 5 in Translocations
  4442 | D:5      | Found a blossoming altar of Fedhas.
  4587 | D:5      | Reached XP level 8. HP: 31/41 MP: 15/19
  4729 | D:5      | Found Posch's Antique Weapon Shop.
  4797 | D:5      | Learned a level 3 spell: Tukima's Dance
  5197 | D:5      | HP: 2/41 [orc wizard/magic dart (8)]
  5198 | D:5      | Killed from afar by an orc wizard

Illustrated notes

Levels and vault maps discovered:
D:1:      grunt_arrival_lava_bath, layout_loops_ring,
          ebering_ecumenical_altar_hall, serial_shops, nicolae_square_shop,
          minmay_misc_feat_room
D:2:      layout_loops_cross, serial_shops, nicolae_square_shop
D:3:      layout_loops_ring, gammafunk_ghost_nasty_kobolds
D:4:      layout_loops_ring, minmay_fountain_box, grunt_decor_fettered
D:5:      layout_loops_ring, fedhas_altar_fruit_tree, serial_shops,
          nicolae_shop_trees, serial_bayou_pond_a, uniq_pikel
D:6:      layout_basic, mainiacjoe_overflow_catwalk, nicolae_ossuary_entry_ruins

Skill      XL: |  1  2  3  4  5  6  7 |
---------------+----------------------+-----
Spellcasting   | 4 6 |  6.0
Conjurations   | 5 6 |  6.2
Hexes          | 2 5 6 |  6.9
Translocations | 1 4 5 |  5.7
Dodging        | |  2.4
Stealth        | |  2.4

Action                   |  1- 3 |  4- 6 |  7- 9 || total
-------------------------+-------+-------+-------++-------
Melee: Bardiche          |       |     1 |       ||     1
       Staff             |       |       |     1 ||     1
 Cast: Magic Dart        |    74 |    44 |    23 ||   141
       Searing Ray       |       |    14 |     4 ||    18
       Iskenderun's Myst |       |       |     1 ||     1
  Use: Potion            |       |     2 |       ||     2
       Scroll            |       |       |    13 ||    13
Armor: Robe              |     1 |     1 |     5 ||     7
Dodge: Dodged            |    11 |     8 |    11 ||    30
Block: Other             |       |     3 |     2 ||     5
